 Dungeon Crawl Stone Soup version 0.30-a0-509-gd016549fea (webtiles) character file.

Game seed: 4078734635542068304

9445 xzight the Cleaver (level 11, -7/100 HPs)
             Began as a Hill Orc Fighter on Dec 22, 2022.
             Mangled by Snorg (13 damage)
             ... on level 10 of the Dungeon.
             The game lasted 00:15:45 (9029 turns).

xzight the Cleaver (Hill Orc Fighter)               Turns: 9029, Time: 00:15:46

Health: -7/100     AC: 15    Str: 24    XL:     11   Next: 46%
Magic:  11/11      EV: 11    Int:  8    God:
Gold:   487        SH:  6    Dex: 10    Spells: 10/10 levels left

rFire   . . .      SeeInvis .    w - +6 war axe
rCold   . . .      Faith    .    c - +0 buckler
rNeg    + . .      Spirit   .    j - +0 plate armour
rPois   .          Reflect  .    (no helmet)
rElec   .          Harm     .    i - +0 cloak
rCorr   .          Rampage  .    (no gloves)
Will    .....                    (no boots)
Stlth   ..........               d - macabre finger necklace {rN+}
HPRegen 0.36/turn                E - +4 ring of evasion
MPRegen 0.12/turn                L - ring of flight
                                 (no ring)

@: about to teleport, flying, studying Ranged Weapons
A: no striking features
a: no special abilities


You were on level 10 of the Dungeon.
You visited 2 branches of the dungeon, and saw 11 of its levels.

You collected 487 gold pieces.


   Skills:
 + Level 10.2 Fighting
 * Level 14.5 Axes
 + Level 9.3 Armour
 + Level 9.3 Shields


You had 10 spell levels left.
You didn't know any spells.
Your spell library contained the following spells:

 Spells                   Type           Power      Damage    Failure   Level
 Kiss of Death            Conj/Necr      0%         2d5       99%         1
 Sublimation of Blood     Necr           0%         N/A       100%        2
 Call Canine Familiar     Summ           0%         N/A       100%        3
 Confusing Touch          Hex            0%         N/A       100%        3
 Portal Projectile        Hex/Tloc       0%         N/A       100%        3
 Dispel Undead            Necr           0%         3d6       100%        4
 Leda's Liquefaction      Hex/Erth       0%         N/A       100%        4
 Petrify                  Tmut/Erth      0%         N/A       100%        4
 Irradiate                Conj/Tmut      0%         3d11      100%        5
 Iskenderun's Battlesphe  Conj           0%         2d6       100%        5
 Iron Shot                Conj/Erth      0%         9d1       100%        6
 Spellforged Servitor     Conj/Summ      0%         N/A       100%        7

Inventory:

Hand Weapons
 w - a +6 war axe (weapon)
 C - a +0 broad axe
Missiles
 A - a throwing net {=f}
Armour
 c - a +0 buckler (worn)
 i - a +0 cloak (worn)
 j - a +0 plate armour (worn)
Magical Staves
 l - a staff of fire {!a}
Jewellery
 d - the macabre finger necklace (around neck) {rN+}
   (You found it on level 9 of the Dungeon)

   [amulet of nothing]

   It enables you to equip an extra ring.
   rN:        It protects you from negative energy.
 E - a +4 ring of evasion (left hand)
 L - a ring of flight (right hand)
Wands
 o - a wand of iceblast (8)
 v - a wand of mindburst (22)
 y - a wand of flame (16)
 B - a wand of charming (5)
Scrolls
 e - 3 scrolls of teleportation {@r2}
 g - a scroll of enchant weapon
 k - 3 scrolls of fear
 p - a scroll of amnesia
 t - 2 scrolls of immolation
Potions
 a - a potion of haste {unknown}
 b - a potion of ambrosia
 h - 5 potions of attraction
 m - a potion of brilliance
 n - a potion of invisibility {unknown}
 q - 2 potions of flight {unknown}
 r - a potion of curing {@q1}
 s - a potion of magic {unknown}
 x - 2 potions of lignification {unknown}
 z - a potion of resistance {unknown}

Dungeon Overview and Level Annotations

Branches:
Dungeon (10/15)            Temple (1/1) D:7            Lair (0/5) D:9
    Orc (0/2) D:9

Altars:
Ashenzari
Cheibriados
Dithmenos
Elyvilon
Fedhas
Gozag
Hepliaklqana
Kikubaaqudgha
Makhleb
Okawaru
Qazlal
Ru
Sif Muna
Trog
Uskayaw
Vehumet
Wu Jian
Xom
Yredelemnul
Zin
The Shining One

Shops:
D:2 =   D:8 :

Annotations:
D:10 Snorg

........## +#..##.....
▓▓▓▓▓....## ##..##
##....... ▓..▒..###...#
#....... ▓..▒▒..#....#
#...... ▓..▒▒▒......#
#....# ▓▓▓▓▓...........#
#....#
................######....#
..>...#####..........)....#
......# #.....@T........#
###...# ######..........#
..'...# #..........#
..#...# #..........###+##+
.†#...# #.................
..#...###
#...............))
†.#.....#
###.............)..)
#†#.....#
#...............[...
..).....#
#...................


You could see Snorg (berserk).


Message History

You feel a bit more experienced. Snorg bites you.
* * * LOW HITPOINT WARNING * * *
Snorg barely misses you. Snorg claws you.
* * * LOW HITPOINT WARNING * * *
Snorg bites you but does no damage. Snorg claws you but does no damage.
Snorg claws you!
* * * LOW HITPOINT WARNING * * *
You hear a shout!
Snorg barely misses you. Snorg claws you!
* * * LOW HITPOINT WARNING * * *
Snorg claws you but does no damage.
You feel less invigorated.
You feel less confused.
Okay, then.
You feel better. You block Snorg's attack. Snorg claws you!
* * * LOW HITPOINT WARNING * * *
Snorg claws you.
* * * LOW HITPOINT WARNING * * *
Snorg bites you!
* * * LOW HITPOINT WARNING * * *
Snorg claws you.
* * * LOW HITPOINT WARNING * * *
Snorg closely misses you.
Okay, then.
Okay, then.
You can't see any enemies this would affect, really read the scroll of fear?
Okay, then.
As you read the scroll of teleportation {@r2}, it crumbles to dust.
You feel strangely unstable. You block Snorg's attack. Snorg claws you!
You die...

Skill      XL: |  1  2  3  4  5  6  7  8  9 10 11 |
---------------+----------------------------------+-----
Axes           | 3 4 5 6 7 9 11 13 14 | 14.5
Fighting       | 4 5 7 8 9 10 | 10.2
Shields        | 4 5 6 7 8 9 |  9.3
Armour         | 4 5 6 7 8 9 |  9.3

Action                   |  1- 3 |  4- 6 |  7- 9 | 10-12 || total
-------------------------+-------+-------+-------+-------++-------
Melee: War axe           |    67 |   166 |   239 |   124 ||   596
Evoke: Wand              |       |       |       |     3 ||     3
  Use: Scroll            |     1 |       |     6 |     5 ||    12
       Potion            |       |       |     1 |     5 ||     6
Armor: Scale mail        |    23 |       |       |       ||    23
       Plate armour      |     9 |   117 |   119 |    69 ||   314
Dodge: Dodged            |    30 |    47 |    71 |    72 ||   220
Block: Buckler           |    16 |    30 |    55 |    35 ||   136

Levels and vault maps discovered:
D:1:      saegor_arrival_simple_a, layout_basic,
          hellmonk_ecumenical_altar_pennies_from_heaven
D:2:      minmay_evil_eye, layout_rooms, basic_altar, serial_shops, shop,
          nicolae_titane
D:3:      layout_basic
D:4:      layout_basic, hangedman_decor_peaks_small, nicolae_elevator_lobby_plus
D:5:      layout_loops_corners, minmay_misc_feat_five, sigmund_army
D:6:      layout_rooms, lemuel_round_altar
D:7:      layout_rooms, grunt_temple_overflow_open,
          minmay_temple_entry_enclosed_plants, uniq_prince_ribbit1
D:8:      layout_loops_cross, serial_shops, kennysheep_mini_moat,
          hangedman_abyss_or_decor_slice
D:9:      layout_roguey, kennysheep_little_box, xom_teletrap_fun,
          david_lair_generic, minmay_the_grid_2x2 [minmay_the_grid_tree,
          minmay_the_grid_holed_spiral, minmay_the_grid_all_tris,
          minmay_the_grid_prize_four_corners_diamond_b], uniq_pikel
D:10:     layout_irregular_city, nemelex_diamond_rough_becter, enter_bailey_2,
          nicolae_trove_entry_crossroad, uniq_snorg, uniq_amaemon
Temple:   eino_temple_water

Notes
Turn   | Place    | Note
-------+----------+-------------------------------------------
     0 | D:1      | xzight the Hill Orc Fighter began the quest for the Orb.
     0 | D:1      | Reached XP level 1. HP: 19/19 MP: 1/1
   195 | D:1      | Reached skill level 3 in Axes
   251 | D:1      | Reached XP level 2. HP: 27/27 MP: 2/2
   289 | D:1      | Found a faded altar of an unknown god.
   799 | D:2      | Found Acwueroh's Jewellery Boutique.
   869 | D:2      | Reached skill level 4 in Fighting
   869 | D:2      | Reached XP level 3. HP: 30/33 MP: 3/3
   955 | D:2      | Reached skill level 4 in Axes
   962 | D:2      | Reached XP level 4. HP: 24/40 MP: 4/4
  1111 | D:2      | Found a hide-covered altar of Uskayaw.
  2393 | D:4      | Reached skill level 4 in Shields
  2445 | D:4      | Reached XP level 5. HP: 47/47 MP: 5/5
  2451 | D:4      | Reached skill level 4 in Armour
  2692 | D:4      | Reached skill level 5 in Axes
  2808 | D:4      | Reached XP level 6. HP: 53/53 MP: 6/6
  3189 | D:5      | Entered Level 5 of the Dungeon
  3207 | D:5      | Reached skill level 5 in Fighting
  3323 | D:5      | Reached skill level 6 in Axes
  3524 | D:5      | Reached XP level 7. HP: 52/61 MP: 7/7
  4105 | D:5      | Reached skill level 7 in Axes
  4105 | D:5      | Reached skill level 5 in Armour
  4105 | D:5      | Reached skill level 5 in Shields
  4628 | D:5      | Reached XP level 8. HP: 19/68 MP: 8/8
  4800 | D:6      | Reached skill level 6 in Fighting
  4805 | D:6      | Reached skill level 8 in Axes
  4949 | D:6      | Noticed a troll
  4964 | D:6      | Killed a troll
  5123 | D:6      | Found a radiant altar of Vehumet.
  5226 | D:6      | Reached skill level 6 in Armour
  5226 | D:6      | Reached skill level 6 in Shields
  5230 | D:6      | Reached skill level 9 in Axes
  5685 | D:7      | Reached skill level 7 in Fighting
  5685 | D:7      | Reached XP level 9. HP: 75/79 MP: 9/9
  5816 | D:7      | Reached skill level 10 in Axes
  5957 | D:7      | Found a staircase to the Ecumenical Temple.
  5963 | Temple   | Entered the Ecumenical Temple
  6189 | D:7      | Found an ornate altar of the Wu Jian Council.
  6191 | D:7      | Found a sacrificial altar of Ru.
  6191 | D:7      | Found a glowing silver altar of Zin.
  6194 | D:7      | Found a snail-covered altar of Cheibriados.
  6196 | D:7      | Noticed Prince Ribbit
  6213 | D:7      | Killed Prince Ribbit
  6978 | D:8      | Reached skill level 7 in Armour
  6978 | D:8      | Reached skill level 7 in Shields
  7110 | D:8      | Found Xotudghedocw's Book Shop.
  7361 | D:9      | Found a staircase to the Orcish Mines.
  7361 | D:9      | Noticed Pikel
  7386 | D:9      | Killed Pikel
  7387 | D:9      | Reached skill level 8 in Fighting
  7387 | D:9      | Reached skill level 11 in Axes
  7505 | D:9      | Noticed an elephant
  7537 | D:9      | Killed an elephant
  7538 | D:9      | Reached XP level 10. HP: 77/90 MP: 10/10
  7542 | D:9      | Reached skill level 12 in Axes
  7654 | D:9      | Found a staircase to the Lair.
  7789 | D:9      | Found a shimmering altar of Xom.
  7818 | D:9      | Found an iron altar of Okawaru.
  7982 | D:9      | Noticed a manticore
  7982 | D:9      | Noticed a purple ugly thing
  7982 | D:9      | Noticed a deep elf pyromancer
  7982 | D:9      | Noticed a cyclops
  7982 | D:9      | Found the macabre finger necklace {rN+}
  7994 | D:9      | Killed a purple ugly thing
  7995 | D:9      | Reached skill level 8 in Armour
  7995 | D:9      | Reached skill level 8 in Shields
  7999 | D:9      | Killed a manticore
  8000 | D:9      | Reached skill level 9 in Fighting
  8004 | D:9      | Killed a cyclops
  8005 | D:9      | Reached skill level 13 in Axes
  8006 | D:9      | Noticed a skeletal warrior
  8014 | D:9      | Killed a deep elf pyromancer
  8026 | D:9      | Killed a skeletal warrior
  8027 | D:9      | Reached XP level 11. HP: 22/97 MP: 11/11
  8603 | D:10     | Entered Level 10 of the Dungeon
  8701 | D:10     | Noticed Amaemon
  8721 | D:10     | Killed Amaemon
  8722 | D:10     | Reached skill level 14 in Axes
  8722 | D:10     | Reached skill level 9 in Armour
  8722 | D:10     | Reached skill level 9 in Shields
  8726 | D:10     | Reached skill level 10 in Fighting
  8980 | D:10     | Noticed a two-headed ogre
  8997 | D:10     | Killed a two-headed ogre
  9001 | D:10     | Noticed Snorg
  9028 | D:10     | HP: 10/100 [Snorg (9)]
  9029 | D:10     | Mangled by Snorg

Vanquished Creatures
  A two-headed ogre (D:10)
  A skeletal warrior (D:9)
  Amaemon (D:10)
  Pikel (D:9)
  An ugly thing (D:9)
  A manticore (D:9)
  A deep elf pyromancer (D:9)
  A cyclops (D:9)
  An elephant (D:9)
  An orange demon (D:10)
  3 trolls
  A hornet (D:9)
  Prince Ribbit (D:7)
  A slime creature (D:9)
  A shadow (D:9)
  A yak (D:9)
  A wyvern (D:9)
  A basilisk (D:9)
  An unseen horror simulacrum (D:9)
  A steam dragon (D:8)
  5 vampire mosquitoes
  An acid dragon (D:9)
  2 water moccasins
  A black bear (D:9)
  An ice beast (D:5)
  2 sky beasts
  2 ogres (D:5)
  2 centaurs
  2 lemures (D:9)
  3 bullfrogs
  A gnoll sergeant (D:9)
  A necrophage (D:6)
  4 scorpions
  5 wights
  5 howler monkeys
  3 hounds
  3 jellies
  3 orc priests
  5 iguanas
  4 orc wizards
  4 gnolls (D:2)
  4 adders
  A white imp (D:7)
  4 ufetubi
  A worm (D:2)
  A dart slug (D:2)
  18 orcs
  8 endoplasms
  3 giant cockroaches (D:1)
  4 goblins
  7 hobgoblins
  8 kobolds
  4 quokkas
  7 ball pythons
  8 bats
  5 frilled lizards
  4 rats
168 creatures vanquished.

Vanquished Creatures (others)
  A fungus (D:9)
  A plant (D:9)
2 creatures vanquished.

Grand Total: 170 creatures vanquished

Table legend: (Time is in decaauts)
 A = Elapsed time spent in this place.
 B = Non-inter-level travel time spent in this place.
 C = Inter-level travel time spent in this place.
 D = Time resting spent in this place.
 E = Time spent auto-exploring this place.
 F = Levels seen in this place.
 G = Mean time per level.
                   A        B        C        D        E       F      G
               +--------+--------+--------+--------+--------+-----+--------+
         Total |   9114 |   8760 |    354 |   1897 |   5412 |  11 |  828.5 |
       Dungeon |   8924 |   8581 |    343 |   1897 |   5246 |  10 |  892.4 |
        Temple |    189 |    178 |     11 |      0 |    166 |   1 |  189.0 |
               +--------+--------+--------+--------+--------+-----+--------+

Top non-repeatable levels by time:
     D:5: 1617 daAuts
     D:9: 1308 daAuts
     D:6: 866 daAuts
     D:4: 857 daAuts
     D:3: 854 daAuts
     D:1: 828 daAuts
     D:8: 784 daAuts
     D:2: 722 daAuts
     D:7: 667 daAuts
    D:10: 417 daAuts
  Temple: 189 daAuts

Table legend:
 A = Non-vault XP
 B = Vault XP
 C = Vault XP percentage of total XP
 D = Non-vault monster count
 E = Vault monster count
 F = Vault count percentage of total count
                 A         B        C        D         E       F
            +---------+---------+-------+---------+---------+-------
      Total |    6487 |    7006 |  51.9 |     141 |      25 |  15.1
            +---------+---------+-------+---------+---------+-------
        D:1 |      30 |       0 |   0.0 |      20 |       0 |   0.0
        D:2 |      81 |      14 |  14.7 |      16 |       2 |  11.1
        D:3 |      21 |       0 |   0.0 |      12 |       0 |   0.0
        D:4 |     281 |       0 |   0.0 |      24 |       0 |   0.0
        D:5 |     776 |       7 |   0.9 |      12 |       3 |  20.0
        D:6 |     881 |       0 |   0.0 |      13 |       0 |   0.0
        D:7 |     758 |     264 |  25.8 |      10 |       1 |   9.1
        D:8 |     577 |       0 |   0.0 |      10 |       0 |   0.0
        D:9 |     748 |    5560 |  88.1 |      12 |      17 |  58.6
       D:10 |    2334 |    1161 |  33.2 |      12 |       2 |  14.3
            +---------+---------+-------+---------+---------+-------
